 Dungeon Crawl Stone Soup version 0.30.1-9-gdf580d7c3d (webtiles) character file.

Game seed: 8810294644295570353

84 lonewolfV2 the Shield-Bearer (level 4, 0/37 HPs)
             Began as a Formicid Fighter on Oct 17, 2023.
             Slain by a goblin
             ... wielding a +3 dagger
             ... led by Robin
              (5 damage)
             ... on level 2 of the Dungeon.
             The game lasted 00:03:32 (1398 turns).

lonewolfV2 the Shield-Bearer (Formicid Fighter)     Turns: 1398, Time: 00:03:33

Health: 0/37       AC:  8    Str: 22    XL:     4   Next: 72%
Magic:  4/4        EV:  9    Int:  8    God:
Gold:   113        SH:  0    Dex: 13    Spells: 3/3 levels left

rFire   . . .        e - +7 giant club (spect)
rCold   . . .        (shield currently unavailable)
rNeg    . . .        b - +1 scale mail
rPois   +            (helmet unavailable)
rElec   .            (no cloak)
rCorr   .            (no gloves)
SInv    +            (no boots)
Will    .....        (no amulet) Stlth
                     g - ring of poison resistance
HPRegen 0.26/turn    (no ring)
MPRegen 0.09/turn

%: no passive effects
@: no status effects
A: permanent stasis, dig shafts and tunnels, antennae 3, four strong arms
a: Dig, Shaft Self


You were on level 2 of the Dungeon.
You visited 1 branch of the dungeon, and saw 2 of its levels.

You collected 685 gold pieces.
You spent 572 gold pieces at shops.

Inventory:

Hand Weapons
 a - a +0 war axe
 e - a +7 spectral giant club (weapon)
Armour
 b - a +1 scale mail (worn)
 c - a +0 buckler
Jewellery
 g - a ring of poison resistance (left hand)
Scrolls
 h - a scroll of immolation {unknown}
 i - a scroll of torment {unknown}
 j - 2 scrolls of identify {unknown}
Potions
 d - a potion of might
 f - 2 potions of ambrosia {unknown}


   Skills:
 + Level 3.9 Fighting
 - Level 2.3(2.6) Axes
 * Level 1.7(2.3) Maces & Flails
 + Level 3.9 Armour
 + Level 4.7 Shields


You had 3 spell levels left.
You didn't know any spells.
Your spell library contained the following spells:

 Spells                   Type           Power      Damage    Failure   Level
 Blade Hands              Tmut           0%         N/A       100%        5
 Irradiate                Conj/Tmut      0%         3d11      100%        5
 Summon Forest            Summ/Tloc      0%         N/A       100%        5
 Eringya's Noxious Bog    Tmut/Pois      0%         N/A       100%        6
 Dragon Form              Tmut           0%         N/A       100%        7
 Summon Hydra             Summ           0%         N/A       100%        7


Dungeon Overview and Level Annotations

Branches:
Dungeon (2/15)

Altars:

Shops:
D:1 ?

Annotations:
D:2 Robin


Innate Abilities, Weirdness & Mutations

You cannot be hasted, slowed, berserked, paralysed or teleported.
You can dig through walls and to a lower floor.
You have a pair of large antennae on your head. (SInv)
Your four strong arms can wield two-handed weapons with a shield.


Message History

You kill the goblin!
Your +7 spectral giant club disappears.
A hobgoblin comes into view.
The hobgoblin closely misses you. The goblin hits you with a +3 dagger.
The goblin closely misses you. The goblin hits you but does no damage.
The hobgoblin hits you but does no damage.
The goblin barely misses you. The goblin hits you with a +3 dagger.
The hobgoblin closely misses you.
The hobgoblin moves out of view.
You bludgeon the hobgoblin!!
You kill the hobgoblin!
The goblin hits you with a +0 club. The hobgoblin closely misses you.
The goblin hits you with a +3 dagger. The goblin barely misses you.
Robin throws the goblin at you! The goblin attacks as you move away!
The goblin hits you but does no damage. The hobgoblin attacks as you move away!
The hobgoblin hits you but does no damage. x2
Robin roars a battlecry!
The goblins go into a battle-frenzy!
The goblin hits you with a +0 dagger.
Things that are here:
a +0 dagger of protection; a goblin corpse; a hobgoblin corpse Unknown command.
You thump the hobgoblin!
You kill the hobgoblin!
The hobgoblin hits you.
The hobgoblin hits you but does no damage.
The goblin hits you with a +3 dagger! Robin hits you but does no damage.
The goblin hits you but does no damage. The goblin misses you.
The hobgoblin closely misses you.
The hobgoblin hits you but does no damage.
Robin hits you with a +0 short sword. The goblin hits you with a +3 dagger.
* * * LOW HITPOINT WARNING * * *
The hobgoblin hits you but does no damage.
You sock the hobgoblin!
You kill the hobgoblin!
The hobgoblin hits you but does no damage.
The goblin hits you but does no damage. Robin hits you with a +0 short sword.
* * * LOW HITPOINT WARNING * * *
The goblin hits you with a +3 dagger.
You die...

#...††.#..
##...........#.#.###.
..........#.#.#...##
#..#..### #.#...###.
#..#..# #.#.#..#..
#..#..# #.#.#.....
#####..#..# #.#.......
......ggg.#####.#.#.#..#
####.#@.g.............#
.......gg.......#...#.##
#####.##.########.......
#...........#....#.#
####^######.#....#)#
#........# #....#.#
#.#.####.# #....#.#
#........# #..[.#.#
#........# #....#.#


You could see Robin, 2 hobgoblins and 3 goblins.

Vanquished Creatures
  Terence (D:2)
  2 adders (D:2)
  A dart slug (D:1)
  3 bats
  4 endoplasms
  6 hobgoblins (D:2)
  7 kobolds
  7 ball pythons
  2 frilled lizards (D:2)
  7 goblins
  4 rats
44 creatures vanquished.

Notes
Turn   | Place    | Note
-------+----------+-------------------------------------------
     0 | D:1      | lonewolfV2 the Formicid Fighter began the quest for the
                  | Orb.
     0 | D:1      | Reached XP level 1. HP: 18/18 MP: 1/1
    10 | D:1      | Found Ynkic's Magic Scroll Shoppe.
    82 | D:1      | Reached XP level 2. HP: 20/24 MP: 2/2
   852 | D:1      | Identified a scroll of acquirement
   852 | D:1      | Acquired 636 gold pieces
   884 | D:1      | Bought a scroll of acquirement for 572 gold pieces
   884 | D:1      | Acquired a +7 spectral giant club
   928 | D:2      | Reached XP level 3. HP: 29/29 MP: 3/3
   978 | D:2      | Noticed Terence
   985 | D:2      | Killed Terence
   986 | D:2      | Reached skill level 1 in Maces & Flails
  1122 | D:2      | Reached XP level 4. HP: 37/37 MP: 4/4
  1279 | D:2      | Found the +1 Delatra's gloves {ID++}
  1390 | D:2      | Noticed Robin
  1398 | D:2      | Slain by a goblin

Illustrated notes

Levels and vault maps discovered:
D:1:      lightli_iron_boxes, layout_basic, serial_shops, shop
D:2:      layout_basic, hex_medium, kennysheep_pointless_box,
          corexii_leaking_fountain, minmay_between, uniq_terence, uniq_robin

Skill      XL: |  1  2  3 |
---------------+----------+-----
Maces & Flails | 1 |  1.7
Fighting       | |  3.9
Axes           | |  2.3
Armour         | |  3.9
Shields        | |  4.7

Action                     |  1- 3 |  4- 6 || total
---------------------------+-------+-------++-------
  Melee: War axe           |    49 |       ||    49
         Giant club        |    13 |    35 ||    48
    Use: Scroll            |     3 |       ||     3
 Armour: Scale mail        |    35 |    48 ||    83
  Dodge: Dodged            |    31 |    44 ||    75
  Block: Buckler           |     7 |       ||     7
